Match 45463716
Unlisted

Match 45463716
End
Panzerpioneer Squad
Selects Battlefield Espionage Battlegroup
Kradschützen Motorcycle Team
250 Light Carrier
Construct Light Support Kompanie
Assault Grenadier Squad
250 Light Carrier
Assault Grenadier Squad
Fire Support Elements
Flakvierling Half-track
Construct Mechanized Kompanie
Vehicle Survival Package
2.5-tonne Medical Truck
StuG III D Assault Gun
Pak 38 Anti-tank Gun Team
Emergency Repair Kits
Selects 250/3 Funkpanzerwagen
Selects Anti-Tank Incendiary Munitions
Construct Panzerarmee Kommand
Advanced Field Repairs
Panzer III L Medium Tank
Rapid Advance
Pak 38 Mechanized Group
Marder III Tank Destroyer
rogefs04
Brothers in Trenches
DeviantJones
Sparkle
Mo-J
Wheeler
0
0

Comments sign in to comment!

No comments posted yet!